cohdb
Replays
Latest Replays
All Replays
Popular Replays
Top Player Replays
Match Explorer
How It Works
Community
CoH3 Stats
Reddit
Sign in to upload your games and track your stats! →
Sign in with Steam
Match 37116190
Unlisted
Match 37116190
Overview
Messages
Build Orders
End
Selects Italian Combined Arms Battlegroup
Selects Bersaglieri Squad
Bersaglieri Squad
Panzerpioneer Squad
Bersaglieri Squad
Construct Light Support Kompanie
Bersaglieri Squad
2.5-tonne Medical Truck
Selects Bersaglieri Bolster
Fire Support Elements
Pak 38 Mechanized Group
Selects Breda Model 30 Light Machine Guns
Construct Panzerarmee Kommand
le.IG 18 Mechanized Group
Selects Semovente da 75/18 Assault Gun
Selects Strafing Run
Walking Stuka Rocket Launcher
Strafing Run
Flak 36 Anti-tank Gun Team
Flak 36 Anti-tank Gun Team
Selects Artillery Cover
Strafing Run
le.IG 18 Mechanized Group
Walking Stuka Rocket Launcher
UH|dun! ツ
UH|ck
UH|XTC
thecrazycowboygeneral
mntahoe
Stas
0
0
Comments
sign in to comment!
No comments posted yet!